Map: Winter's Gate LE

Players

Sregi

  • Race: Protoss Protoss
  • League: Master
  • Spawn Location: 5:00

Lolebiv - Winner!

  • Race: Protoss Protoss
  • League: Grandmaster
  • Spawn Location: 11:00

VOD

Have the link to the VOD?

Description

Time

  • Played on: Nov. 13, 2019, 11:07 p.m.
  • Length: 7:32
Show
View Real Time Build Order
Export as new Build Order

Sregi Protoss 

Build Orders: Phoenix Opening 

Get SALT Encoding   

  12  0:00  Probe  
  13  0:12  Probe  
  14  0:18  Pylon  
  14  0:25  Probe  
  15  0:37  Probe (Chrono Boost)  
  15  0:38  Gateway  
  16  0:48  Assimilator  
  16  0:49  Probe (Chrono Boost)  
  17  0:54  Probe (Chrono Boost)  
  18  0:59  Assimilator  
  18  1:03  Probe (Chrono Boost)  
  19  1:15  Probe (Chrono Boost)  
  20  1:19  Gateway  
  20  1:20  Probe (Chrono Boost)  
  21  1:27  Cybernetics Core  
  21  1:30  Probe  
  22  1:39  Pylon  
  22  1:42  Probe  
  23  1:57  Probe  
  24  2:06  Sentry (Chrono Boost)  
  24  2:07  Warp Gate  
  28  2:12  Probe  
  28  2:13  Stalker (Chrono Boost)  
  28  2:14  Pylon  
  29  2:22  Pylon  
  29  2:24  Probe  
  30  2:33  Phoenix  
  30  2:37  Probe  
  30  2:38  Stalker x2  
  35  2:47  Robotics Facility  
  35  2:49  Probe  
  36  2:51  Pylon  
  36  3:03  Probe  
  37  3:16  Probe  
  38  3:21  Nexus  
  38  3:28  Probe  
  38  3:31  Twilight Council  
  39  3:35  Observer  
  39  3:40  Probe  
  41  3:52  Probe  
  42  3:59  Sentry x2  
  46  4:04  Probe  
  46  4:07  Resonating Glaives (Chrono Boost), Phoenix  
  47  4:18  Gateway  
  47  4:20  Gateway  
  47  4:22  Gateway  
  47  4:26  Gateway  
  47  4:32  Probe  
  48  4:39  Immortal (Chrono Boost)  
  53  4:45  Probe (Chrono Boost)  
  53  4:50  Probe (Chrono Boost)  
  54  4:54  Shield Battery  
  54  4:58  Shield Battery  
  54  5:02  Shield Battery  
  54  5:05  Adept x2  
  58  5:09  Pylon  
  40  5:31  Adept x2  
  40  5:33  Sentry x2  
  40  5:35  Stalker  
  48  5:37  Probe (Chrono Boost)  
  48  5:40  Probe (Chrono Boost)  
  48  5:49  Probe (Chrono Boost)  
  50  5:51  Probe (Chrono Boost)  
  50  5:55  Probe (Chrono Boost)  
  50  5:56  Probe (Chrono Boost)  
  50  5:57  Adept x2  
  53  6:00  Adept  
  58  6:11  Warp Prism (Chrono Boost)  
  60  6:12  Probe  
  60  6:14  Probe  
  62  6:19  Pylon  
  62  6:23  Pylon  
  62  6:34  Adept x2  
  62  6:35  Adept  
  67  6:46  Adept x2  
  67  6:47  Adept  
  72  7:00  Adept x2  
  72  7:01  Adept  
  60  7:17  Adept x2  
  60  7:18  Adept  
  60  7:21  Adept x3  
Show
View Real Time Build Order
Export as new Build Order

Lolebiv Protoss - Winner!

Build Orders: Phoenix Opening 

Get SALT Encoding   

  12  0:00  Probe  
  13  0:12  Probe  
  14  0:19  Pylon  
  14  0:25  Probe  
  15  0:37  Probe (Chrono Boost)  
  15  0:41  Gateway  
  16  0:46  Assimilator  
  16  0:49  Probe (Chrono Boost)  
  17  0:55  Probe (Chrono Boost)  
  18  1:00  Assimilator  
  18  1:06  Probe (Chrono Boost)  
  19  1:12  Gateway  
  20  1:18  Probe (Chrono Boost)  
  20  1:28  Cybernetics Core  
  20  1:31  Probe (Chrono Boost)  
  21  1:38  Pylon  
  21  1:42  Probe  
  22  1:54  Probe  
  23  2:06  Probe  
  23  2:07  Stalker x2  
  28  2:13  Warp Gate  
  28  2:24  Pylon  
  28  2:29  Probe  
  29  2:36  Stargate  
  29  2:46  Nexus  
  29  2:52  Pylon  
  29  2:57  Probe  
  30  3:01  Stalker  
  32  3:12  Stalker  
  34  3:13  Probe  
  35  3:22  Phoenix (Chrono Boost)  
  35  3:25  Probe (Chrono Boost)  
  38  3:34  Pylon  
  38  3:38  Probe (Chrono Boost)  
  39  3:43  Probe (Chrono Boost)  
  39  3:45  Phoenix (Chrono Boost)  
  42  3:55  Probe  
  42  4:01  Stalker x2  
  47  4:09  Phoenix  
  49  4:14  Probe x2  
  51  4:22  Pylon  
  51  4:26  Probe x2  
  53  4:34  Phoenix  
  53  4:38  Stalker  
  57  4:41  Probe  
  57  4:42  Probe, Assimilator  
  57  4:45  Assimilator  
  59  4:53  Probe  
  59  4:54  Probe  
  61  5:00  Phoenix  
  61  5:27  Stalker x2  
  59  5:43  Phoenix  
  59  5:44  Probe x2  
  59  5:47  Nexus  
  63  5:50  Pylon  
  63  5:53  Pylon  
  63  5:56  Probe  
  64  6:00  Gateway  
  64  6:02  Gateway  
  64  6:07  Gateway  
  64  6:09  Gateway  
  64  6:11  Twilight Council  
  64  6:14  Probe x2  
  66  6:20  Forge  
  66  6:23  Robotics Facility  
  66  6:24  Pylon  
  66  6:26  Probe x2, Pylon  
  68  6:33  Zealot x2  
  68  6:38  Probe  
  73  6:46  Phoenix  
  75  7:01  Stalker x2  
  75  7:02  Stalker x3  
Tags
 
Add a new tag
Caveats
  • Supply blocks, unpowered buildings, or Contaminate may cause inaccurate times.
  • Supply counts are checked every 10 seconds.